 Dungeon Crawl Stone Soup version 0.18-a0-717-g59c076b (webtiles) character file.

34 Proton the Distorting Demonspawn (level 3, -2/29 HPs)
             Began as a Demonspawn Abyssal Knight on Dec 8, 2015.
             Was a Believer of Lugonu.
             Slain by a goblin (4 damage)
             ... on level 2 of the Dungeon.
             The game lasted 00:03:07 (1323 turns).

Proton the Distorting Demonspawn (DsAK)             Turns: 1323, Time: 00:03:07

Health: -2/29      AC:  3    Str: 13    XL:     3   Next: 14%
Magic:  5/5        EV: 11    Int: 13    God:    Lugonu [**....]
Gold:   61         SH:  0    Dex: 12    Spells: 0 memorised, 2 levels left

rFire  . . .     SeeInvis .     a - +1 falchion
rCold  . . .     Clarity  .     b - +0 leather armour
rNeg   . . .     SustAt   .     (no shield)
rPois  .         Gourm    .     (no helmet)
rElec  .         Spirit   .     (no cloak)
rCorr  .         Dismiss  .     (no gloves)
rMut   .         Stasis   .     (no boots)
MR     .....                    (no amulet)
Stlth  +.........               (no ring)
                                (no ring)

@: drained, not resistant to hostile enchantments, very unstealthy
A: hooves 1
a: Depart the Abyss, Bend Space, Renounce Religion


You were on level 2 of the Dungeon.
You worshipped Lugonu.
Lugonu was pleased with you.
You were not hungry.

You visited 1 branch of the dungeon, and saw 2 of its levels.
You visited the Abyss 1 time.

You collected 61 gold pieces.

Inventory:

Hand Weapons
 a - a +1 falchion (weapon)
Missiles
 h - 3 javelins (quivered)
Armour
 b - a +0 leather armour (worn)
Scrolls
 d - a scroll of teleportation {unknown}
 e - 2 scrolls of remove curse {unknown}
 g - a scroll of magic mapping {unknown}
 j - a scroll of identify {unknown}
 l - a scroll of enchant weapon {unknown}
 n - a scroll of enchant armour {unknown}
Potions
 f - 2 potions of brilliance {unknown}
 k - 2 potions of agility {unknown}
 o - a potion of curing {unknown}
 p - a potion of ambrosia {unknown}
Comestibles
 i - 2 meat rations
 m - 2 beef jerkies


   Skills:
 + Level 3.2(3.0) Fighting
 + Level 2.0(1.8) Long Blades
 + Level 2.2(2.0) Armour
 + Level 1.2(1.0) Dodging
 + Level 3.3(3.1) Invocations


You had 2 spell levels left.
You didn't know any spells.

Dungeon Overview and Level Annotations

Branches:
Dungeon (2/15)

Altars:
Nemelex Xobeh


Innate Abilities, Weirdness & Mutations

You have large cloven feet.


Message History

The goblin closely misses you. The worm bites you!
* * * LOW HITPOINT WARNING * * *
You barely miss the worm.
The worm is moderately wounded.
The goblin hits you.
* * * LOW HITPOINT WARNING * * *
You see here a rat corpse.
There is a fountain of sparkling water here.
Items here: ) ††† a club; a kobold corpse; a giant gecko corpse; a hobgoblin corpse The giant newt hisses menacingly.
You miss the giant newt. The giant newt barely misses you.
You slash the giant newt!
You kill the giant newt!
Lugonu accepts your kill.
You miss the goblin. The goblin closely misses you.
You closely miss the goblin. The goblin hits you.
* * * LOW HITPOINT WARNING * * *
The goblin hits you.
You die...

############ #..........####
#.............# #.....÷.......##
.r.........w...#### #####
#..).......###.g@.### ##...##
#..........# ####...#### ##.....#
#..........# ###....###.......
###..#..##.# ####.##........
........##.###########..#........
#.####..##w##....................
.... #..##.##..........##........
....#.###)##..........##.......†
....#.##⌠.⌠#.####.###...........


You could see a worm and a goblin.

Vanquished Creatures
  An adder (D:2)
  A giant gecko (D:2)
  2 bats (D:2)
  2 goblins (D:1)
  4 hobgoblins
  A quokka (D:2)
  A ball python (D:1)
  5 giant cockroaches
  A giant newt (D:2)
  4 kobolds
  3 rats (D:2)
25 creatures vanquished.

Notes
Turn   | Place    | Note
--------------------------------------------------------------
     0 | Abyss:1  | Proton the Demonspawn Abyssal Knight began the quest for the Orb.
     0 | Abyss:1  | Reached XP level 1. HP: 18/18 MP: 2/2
    20 | D:1      | Escaped the Abyss
   118 | D:1      | Reached skill level 1 in Dodging
   657 | D:1      | Gained mutation: You have large cloven feet. [demonic ancestry]
   657 | D:1      | Reached XP level 2. HP: 20/24 MP: 4/4
   939 | D:2      | Found a sparkling altar of Nemelex Xobeh.
  1112 | D:2      | Reached ** piety under Lugonu
  1112 | D:2      | Reached XP level 3. HP: 24/29 MP: 5/5
  1298 | D:2      | HP: 1/29 [goblin (1)]
  1323 | D:2      | Slain by a goblin

Vault maps used:
D:1:      lemuel_arrival_behind_the_door_small
D:2:      nemelex_xobeh_ov_fountains_minmay, old_standard_altar,
          grunt_gozag_statues

Action                   || total
-------------------------++-------
Melee: Falchion          ||    98
  Eat: Bread ration      ||     1
